 Dungeon Crawl Stone Soup version 0.30.1-11-g7821555f0a (webtiles) character file.

Game seed: 15425808031591492127

5190 RancidPinata the Geomancer (level 10, -1/65 HPs)
             Began as a Gargoyle Gladiator on Dec 9, 2023.
             Was a Priest of Okawaru.
             Slain by a polar bear (10 damage)
             ... on level 7 of the Dungeon on Dec 10, 2023.
             The game lasted 00:51:23 (8529 turns).

RancidPinata the Geomancer (Gargoyle Gladiator)     Turns: 8529, Time: 00:51:26

Health: -1/65      AC: 20    Str: 19    XL:     10   Next: 60%
Magic:  16/16      EV: 13    Int: 19    God:    Okawaru [***...]
Gold:   1473       SH:  0    Dex: 11    Spells: 13/17 levels left

rFire   . . .        a - +0 flail
rCold   . . .        (no shield)
rNeg    + . .        x - +7 toga "Victory" {*Victory Int+7 Slay+7 Clar}
rPois   ∞            h - +2 hat
rElec   +            l - +0 cloak
rCorr   .            (no gloves)
SInv    .            (no boots)
Will    .....        n - amulet of regeneration
Stlth   +            (no ring)
HPRegen 1.10/turn    (no ring)
MPRegen 0.15/turn

%: clarity
@: no status effects
A: sickness immunity, AC +7, negative energy resistance 1, electricity
resistance, torment resistance 1, petrification resistance
a: Renounce Religion, Heroism


You were on level 7 of the Dungeon.
You worshipped Okawaru.
Okawaru was most pleased with you.
You visited 2 branches of the dungeon, and saw 9 of its levels.

You collected 1473 gold pieces.

Inventory:

Hand Weapons
 a - a +0 flail (weapon)
Missiles
 d - 2 throwing nets (quivered)
 e - a javelin
 j - 90 stones
 o - 16 poisoned darts
 y - 4 boomerangs
Armour
 c - a +0 helmet
 h - a +2 hat (worn)
 l - a +0 cloak (worn)
 x - the +7 toga "Victory" (worn) {*Victory Int+7 Slay+7 Clar}
   (You found it on level 5 of the Dungeon)

   *Victory:  When the wearer kills a threatening monster, it has a chance to
   gain +1 AC, +1 Slay, and +1 Int, capping at +7.
   When the wearer uses a scroll or a potion with a hostile monster in sight,
   its bonuses reset to +0.
   Unequipping it also resets its bonuses to +0.
   Int:       It affects your intelligence (+7).
   Slay:      It affects your accuracy & damage with ranged weapons and melee
   (+7).
   Clar:      It protects you from confusion, rage, mesmerisation and fear.
Jewellery
 n - an amulet of regeneration (around neck)
 D - an amulet of reflection
Wands
 f - a wand of roots (4)
Scrolls
 g - 2 scrolls of enchant armour
 q - 2 scrolls of brand weapon
 r - a scroll of identify
 s - 5 scrolls of teleportation
Potions
 b - 2 potions of haste
 i - 6 potions of attraction
 k - 4 potions of curing
 m - a potion of might {unknown}
 p - 2 potions of degeneration
 u - 8 potions of heal wounds
 v - 2 potions of flight
 w - a potion of brilliance {unknown}
 A - a potion of resistance
 C - a potion of ambrosia {unknown}


   Skills:
 * Level 8.4 Fighting
 + Level 6.4 Maces & Flails
 - Level 2.0 Throwing
 + Level 7.0 Armour
 + Level 5.0 Dodging
 + Level 4.4 Spellcasting
 * Level 8.5 Earth Magic


You had 13 spell levels left.
You knew the following spells:

 Your Spells              Type           Power      Damage    Failure   Level
a - Sandblast             Erth           72%        2d16      1%          1
b - Stone Arrow           Conj/Erth      40%        3d9       7%          3

Your spell library contained the following spells:

 Spells                   Type           Power      Damage    Failure   Level
 Passwall                 Tmut/Erth      16%        N/A       3%          2
 Necrotise                Necr           16%        1d4       13%         1
 Slow                     Hex            16%        N/A       13%         1
 Sting                    Tmut/Pois      16%        1d3       13%         1
 Lesser Beckoning         Tloc           8%         N/A       21%         2
 Poisonous Vapours        Pois/Air       8%         N/A       21%         2
 Wereblood                Tmut           4%         N/A       21%         2
 Confusing Touch          Hex            4%         N/A       36%         3
 Gell's Gravitas          Tloc           4%         N/A       36%         3
 Teleport Other           Tloc           4%         N/A       36%         3
 Vampiric Draining        Necr           4%         2d6       36%         3
 Olgreb's Toxic Radiance  Pois           4%         N/A       78%         4
 Agony                    Necr           4%         N/A       98%         5
 Sublimation of Blood     Necr           Unusable   N/A       N/A         2
 Summon Hydra             Summ           Unusable   N/A       N/A         7

Dungeon Overview and Level Annotations

Branches:
Dungeon (8/15)             Temple (1/1) D:6
   Lair: D:8-11

Altars:
Ashenzari
Cheibriados
Dithmenos
Elyvilon
Fedhas
Gozag
Kikubaaqudgha
Makhleb
Nemelex Xobeh
Okawaru
Qazlal
Ru
Sif Muna
Trog
Uskayaw
Vehumet
Wu Jian
Xom
Zin
The Shining One

Shops:
D:6 ?

Annotations:
D:4 2 runed translucent doors, Wiggles's ghost, amateur MiBe
Temple 2 transporters


Innate Abilities, Weirdness & Mutations

You are immune to sickness and miasma.
Your stone body is resilient. (AC +7)
You are immune to poison.
You resist negative energy. (rN+)
You are resistant to electric shocks. (rElec)
You are resistant to unholy torment.
You are immune to petrification.


Message History

The polar bear bites you. The polar bear barely misses you.
The polar bear claws you but does no damage.
You hit the polar bear.
The polar bear is lightly wounded.
The polar bear bites you but does no damage.
The polar bear closely misses you.
The polar bear claws you but does no damage.
You thump the polar bear!
The polar bear is moderately wounded.
The polar bear bites you!
The polar bear claws you but does no damage. x2
You sock the polar bear!
The polar bear is severely wounded.
The polar bear bites you but does no damage.
The polar bear closely misses you.
The polar bear claws you but does no damage.
You barely miss the polar bear.
The polar bear is severely wounded.
The polar bear barely misses you. x2
The polar bear claws you but does no damage.
The polar bear bites you! The polar bear barely misses you.
The polar bear claws you but does no damage.
You hit the polar bear.
The polar bear is severely wounded.
The polar bear closely misses you.
The polar bear claws you but does no damage. x2
You hit the polar bear.
The polar bear is almost dead.
The polar bear goes berserk!
You hit the polar bear.
The polar bear is almost dead.
The polar bear bites you!! The polar bear misses you.
The polar bear completely misses you.
You hit the polar bear.
The polar bear is almost dead.
The polar bear bites you!!
* * * LOW HITPOINT WARNING * * *
The polar bear claws you but does no damage.
The polar bear closely misses you. The polar bear bites you!
You die...

.......# #...........###)#
.......# #...........# #<#
)......# #...........######
.......# #...........[....#
.......#### #..........#####.#
..........# #..........# #.#
..........# ###'##'#'### #.#
..........######.##.#.# #.#
...............h@##.#.# #.#
.................##'#.# #.#
..........###....)....# ###.#
.#####'#..............# #...#
.#....)#.###..........#####.###
.#.#####.#.....#'####....)..#
.#.# #.#...#.#.# ######### ##.#
#.##..#.#.# ##.#####....[#K#.#


You could see a polar bear (berserk).

Vanquished Creatures
  Gastronok (D:8)
  A rime drake (D:8)
  A polar bear (D:7)
  A hornet (D:8)
  Prince Ribbit (D:5)
  Sigmund (D:2)
  A wyvern (D:7)
  2 water moccasins (D:6)
  5 ice beasts
  A sky beast (D:7)
  3 black bears
  An ogre (D:4)
  2 wolves (D:7)
  2 centaurs
  A phantom (D:6)
  A kobold brigand (D:7)
  2 bullfrogs (D:7)
  4 scorpions
  3 howler monkeys
  2 gnoll boudas
  2 hounds
  3 orc priests
  3 jellies
  Jessica (D:2)
  2 sleepcaps
  An iguana (D:3)
  7 orc wizards
  10 gnolls
  7 adders
  2 shadow imps
  5 white imps
  3 worms
  5 dart slugs
  15 orcs
  7 ball pythons
  5 endoplasms
  4 giant cockroaches
  7 goblins
  8 hobgoblins
  12 jackals
  4 quokkas
  12 bats
  6 frilled lizards
  15 kobolds
  5 rats
187 creatures vanquished.

Notes
Turn   | Place    | Note
-------+----------+-------------------------------------------
     0 | D:1      | RancidPinata the Gargoyle Gladiator began the quest for the
                  | Orb.
     0 | D:1      | Reached XP level 1. HP: 12/12 MP: 1/1
   106 | D:2      | Reached XP level 2. HP: 14/18 MP: 2/2
   139 | D:2      | Reached skill level 1 in Armour
   201 | D:1      | Reached XP level 3. HP: 22/22 MP: 3/3
   754 | D:1      | Learned a level 1 spell: Sandblast
   890 | D:1      | Reached XP level 4. HP: 27/27 MP: 4/4
  1683 | D:2      | Noticed Jessica
  1693 | D:2      | Killed Jessica
  1694 | D:2      | Reached skill level 1 in Earth Magic
  1694 | D:2      | Reached XP level 5. HP: 27/32 MP: 5/5
  1882 | D:2      | Noticed Sigmund
  1915 | D:2      | Killed Sigmund
  1916 | D:2      | Reached skill level 1 in Spellcasting
  1916 | D:2      | Reached XP level 6. HP: 16/38 MP: 5/7
  3368 | D:4      | Found a runed translucent door.
  3373 | D:4      | Noticed Wiggles's ghost (amateur MiBe)
  3451 | D:3      | Reached XP level 7. HP: 30/43 MP: 9/9
  4309 | D:4      | Found a runed translucent door.
  4605 | D:5      | Entered Level 5 of the Dungeon
  4815 | D:5      | Found the +0 toga "Victory" {*Victory Clar}
  5093 | D:5      | Noticed Prince Ribbit
  5122 | D:5      | Killed Prince Ribbit
  5123 | D:5      | Reached skill level 5 in Fighting
  5123 | D:5      | Reached XP level 8. HP: 35/49 MP: 11/11
  5624 | D:6      | Reached skill level 5 in Maces & Flails
  5624 | D:6      | Reached skill level 5 in Armour
  5624 | D:6      | Reached skill level 5 in Earth Magic
  5647 | D:6      | Found a staircase to the Ecumenical Temple.
  5679 | Temple   | Entered the Ecumenical Temple
  5679 | Temple   | Found a transporter.
  5679 | Temple   | Found a transporter.
  5681 | Temple   | Found a transporter.
  5681 | Temple   | Found a transporter.
  5711 | Temple   | Became a worshipper of Warmaster Okawaru
  5951 | D:6      | Noticed a +0 falchion
  6006 | D:5      | Reached XP level 9. HP: 51/55 MP: 13/13
  6082 | D:6      | Found Asmuafel's Magic Scroll Emporium.
  6362 | D:6      | Noticed a +0 spear
  6363 | D:6      | Noticed a +0 spear
  6364 | D:6      | Noticed a +0 short sword
  6364 | D:6      | Noticed a +0 falchion
  6364 | D:6      | Noticed a +0 short sword
  6364 | D:6      | Noticed a +0 dagger
  6364 | D:6      | Noticed a +0 dagger
  6367 | D:6      | Found a hide-covered altar of Uskayaw.
  6647 | D:6      | Identified a scroll of acquirement
  6647 | D:6      | Acquired 1063 gold pieces
  7081 | D:7      | Learned a level 3 spell: Stone Arrow
  7261 | D:7      | Reached * piety under Okawaru
  7862 | D:8      | Noticed a hornet
  7962 | D:8      | Killed a hornet
  7962 | D:8      | Reached ** piety under Okawaru
  7974 | D:8      | Noticed a polar bear
  8025 | D:7      | Reached XP level 10. HP: 39/63 MP: 15/15
  8150 | D:8      | Noticed Gastronok
  8182 | D:8      | Killed Gastronok
  8182 | D:8      | Reached *** piety under Okawaru
  8183 | D:8      | Reached skill level 5 in Dodging
  8529 | D:7      | Slain by a polar bear

Illustrated notes

Levels and vault maps discovered:
D:1:      ncdulo_wetmaze, layout_basic
D:2:      layout_loops_corners, uniq_jessica, uniq_sigmund
D:3:      layout_rooms
D:4:      layout_rooms, ebering_ghost_sewer_f, supply_closet_lemuel
D:5:      layout_basic, uniq_prince_ribbit1
D:6:      layout_basic, nicolae_uskayaw_en_pointe,
          minmay_temple_entry_gardened_gates, serial_shops,
          nicolae_shop_rolled_up
D:7:      layout_basic
D:8:      layout_rooms, hellmonk_lair_entry_icy, serial_aquarium,
          aquarium_bridge_long_joined [aquarium_subvault_wall,
          aquarium_subvault_wall, aquarium_subvault_window,
          aquarium_subvault_balcony, aquarium_subvault_bridge,
          aquarium_subvault_bridge], aquarium_window_1, aquarium_window_fake,
          aquarium_window_1, aquarium_window_1, aquarium_view_2b,
          aquarium_balcony_3a, serial_shops, nicolae_shop_tiny_statue_garden,
          uniq_gastronok
Temple:   hellmonk_temple_divided_pantheon

Skill      XL: |  1  2  3  4  5  6  7  8  9 10 |
---------------+-------------------------------+-----
Armour         | 1 2 3 4 5 6 7 |  7.0
Throwing       | 2 |  2.0
Fighting       | 3 4 5 6 7 8 |  8.4
Earth Magic    | 1 2 4 5 7 8 |  8.5
Maces & Flails | 4 5 6 |  6.4
Spellcasting   | 1 2 3 4 |  4.4
Dodging        | 3 4 5 |  5.0

Action                     |  1- 3 |  4- 6 |  7- 9 | 10-12 || total
---------------------------+-------+-------+-------+-------++-------
  Melee: Flail             |   139 |   222 |   385 |    58 ||   804
         Punch             |       |     4 |     5 |     4 ||    13
  Throw: Throwing net      |       |     1 |     4 |     1 ||     6
   Cast: Sandblast         |       |     4 |    36 |       ||    40
         Stone Arrow       |       |       |     1 |     5 ||     6
 Invoke: Heroism           |       |       |       |     1 ||     1
    Use: Potion            |       |       |     3 |       ||     3
         Scroll            |       |       |    14 |     1 ||    15
 Armour: Leather armour    |    69 |       |       |       ||    69
         Ring mail         |    49 |   175 |    86 |       ||   310
         Robe              |       |       |   159 |    39 ||   198
  Dodge: Dodged            |   121 |   184 |   277 |    47 ||   629
